AoeStats
← ale90

Migration

509917444Analyzed
1v1 RM · 3d ago on Sep 28, 2026· 51m 5s· 2 players
Game mode
Random Map
Map size
132×132
Population
200
Speed
Normal
Resources
Standard
Victory
Conquest
Starting age
Dark Age
Ending age
Imperial Age
RankedLock teamsTeams togetherTeam positionsShared explorationLock speedFull tech treeHidden civsTurbo modeCheats
Victory
Defeat
🇦🇷 Sicilians · Argentina
645
+17
🇨🇱 Koreans · Chile
659
-17
ale90
8:05 Loom
12:16 Feudal Age
12:45 Double-Bit Axe
12:47 Town Watch
12:52 Fishing Lines
13:25 Stone Mining
17:22 Wheelbarrow
21:44 Horse Collar
24:35 Castle Age
22:34 Fletching
27:54 Hand Cart
27:40 Town Patrol
28:33 Bow Saw
28:15 Gold Mining
32:00 First Crusade
35:44 Imperial Age
35:50 Elite Serjeant
36:47 Forging
36:38 Scale Mail Armor
36:36 Bodkin Arrow
36:47 Scale Mail Armor
39:48 Medium Warships
43:17 Heavy Warships
43:59 Masonry
47:23 Ballistics
48:04 Chemistry
47:33 Chain Mail Armor
47:53 Iron Casting
47:21 Bracer
47:26 Scale Barding Armor
48:20 Hoardings
48:12 Conscription
49:31 Crossbowman
50:01 Gambesons
50:04 Arson
50:20 Squires
Figuer
7:09 Loom
10:12 Feudal Age
11:53 Wheelbarrow
15:24 Double-Bit Axe
15:21 Horse Collar
18:35 Man-at-Arms
22:09 Castle Age
20:04 Arson
24:01 Heavy Plow
24:12 Bow Saw
24:15 Long Swordsman
34:07 Forging
33:58 Scale Mail Armor
35:27 Iron Casting
36:02 Hand Cart
36:06 Gold Mining
36:09 Stone Mining
42:50 Fervor
51:30 Imperial Age
49:08 Murder Holes
Connection lost

Rejoining the realm…

Still unreachable

The connection could not be restored.

Session expired

The server has moved on; the page needs a fresh start.